Cogmind - Beta 15 @@@ ROGUE MODE // 2025.08.09 @ 01:00:12 Player: H3-RMN Result: Destroyed by Autobeam Turret with Autobeam Performance ------------- Evolutions (0) 0 Regions Visited (3) 600 Robots Destroyed (15) 75 Value Destroyed (341) 341 Prototype IDs (0) 0 Alien Tech Used (0) 0 Bonus (0) 0 TOTAL SCORE: 1016 Bonus ------- None Cogmind --------- Core Integrity 0/250 Matter 245/300 Energy 248/250 System Corruption 0% Temperature Cool (36) Movement Rolling (140) Ox4 Location -10/Subcaves Parts ------- > --- POWER (1) -------- Ion Engine > --- PROPULSION (2) --- Wheel Wheel > --- UTILITY (2) ------ Huge Storage Unit Machine Analyzer > --- WEAPON (2) ------- Assault Rifle Light Cannon > --- INVENTORY (25) --- Light Nuclear Core Light Treads VTOL Module VTOL Module VTOL Module VTOL Module EM Pulse Gun Assault Rifle SUBCON Basin (Full) Peak State ------------ > --- POWER ------------ Ion Engine > --- PROPULSION ------- Wheel Wheel > --- UTILITY ---------- Huge Storage Unit Machine Analyzer > --- WEAPON ----------- Assault Rifle Light Cannon > --- INVENTORY -------- Light Nuclear Core Light Treads Wheel VTOL Module VTOL Module VTOL Module VTOL Module EM Pulse Gun Assault Rifle SUBCON Basin [Rating: 28] Favorites ----------- Power Ion Engine Engine Ion Engine Propulsion Wheel Treads Light Treads Wheel Wheel Utility Large Storage Unit Device Seismic Detector Storage Large Storage Unit Processor Machine Analyzer Weapon Light Assault Rifle Ballistic Gun Light Assault Rifle Ballistic Cannon Light Cannon Build | -11 -10 -10 -10 ------- Run | Yrd Mat Min Sub Slots Evolved . | . . . . Power . | . . . . Propulsion . | . . . . Utility . | . . . . Weapon . | . . . . Parts Attached 16 | 6 2 1 7 Power 1 | 1 . . . Engine 1 | 1 . . . Core . | . . . . Reactor . | . . . . Propulsion 6 | 2 . 1 3 Treads 1 | . . 1 . Leg . | . . . . Wheel 5 | 2 . . 3 Hover . | . . . . Flight . | . . . . Utility 5 | 2 1 . 2 Device 1 | 1 . . . Storage 3 | 1 1 . 1 Processor 1 | . . . 1 Hackware . | . . . . Protection . | . . . . Artifact . | . . . . Weapon 4 | 1 1 . 2 Energy Gun . | . . . . Energy Cannon . | . . . . Ballistic Gun 3 | 1 1 . 1 Ballistic Cannon 1 | . . . 1 Launcher . | . . . . Special Weapon . | . . . . Impact Weapon . | . . . . Slashing Weapon . | . . . . Piercing Weapon . | . . . . Special Melee Weapon . | . . . . Unidentified Prototypes . | . . . . Parts Lost 5 | . . 1 4 Power . | . . . . Propulsion 3 | . . 1 2 Utility 1 | . . . 1 Weapon 1 | . . . 1 Highest Loss Streak 3 | . . 1 3 To Critical Strikes . | . . . . Average Backups 10 | 3 9 11 12 Power 1 | . 1 2 2 Propulsion 5 | 1 5 6 6 Utility . | . . . . Weapon 2 | 1 2 3 3 Tool/Special . | . . . . Unused Backups 10 | . . . 10 Power 3 | . . . 3 Propulsion 5 | . . . 5 Utility . | . . . . Weapon 2 | . . . 2 Tool/Special . | . . . . Average Slot Usage (%) 92 | . 92 100 89 Engine 14 | . 14 14 14 Treads 6 | . . 13 8 Wheel 20 | . 28 15 18 Device 9 | . 14 14 2 Storage 14 | . 14 14 14 Processor 4 | . . . 10 Ballistic Gun 16 | . 20 28 7 Ballistic Cannon 5 | . . . 12 Peak Build Rating 28 | 6 8 8 28 Average Rating 10 | 4 7 7 16 On Entrance 5 | . 6 8 8 Naked Turns . | . . . . Heaviest Build 90 | 12 29 29 90 Greatest Support 20 | 20 20 20 20 Greatest Overweight (x) 4 | 1 1 2 4 Average Overweight (x) 1 | . . 1 2 Largest Inventory Capacity 25 | 8 15 15 25 Average Capacity 15 | 7 14 15 19 Most Carried 25 | 7 12 13 25 Average Carried 12 | 4 9 11 18 Final Capacity 25 | 8 15 15 25 Final Carried 23 | 7 12 13 23 Class Distribution -------------------- 100% | Mutant Dominant Class ---------------- Mutant | -10/Materials Mutant | -10/Mines Mutant | -10/Subcaves Resources | -11 -10 -10 -10 ----------- Run | Yrd Mat Min Sub Matter Collected 508 | 277 115 30 86 Remotely . | . . . . Salvage Created 489 | 125 187 38 139 Parts 23 | 6 10 3 4 Haulers Intercepted . | . . . . Recyclers Shooed . | . . . . Parts Field Recycled . | . . . . Retrieved Matter . | . . . . Parts Self-Destructed 1 | . . . 1 Prevented . | . . . . Kills | -11 -10 -10 -10 ------- Run | Yrd Mat Min Sub Combat Hostiles Destroyed 11 | . 4 1 6 Guns 6 | . 4 1 1 Cannons 5 | . . . 5 Classes Destroyed 6 | 2 2 . 2 Builder 1 | . 1 . . Tunneler 2 | 2 . . . Recycler 1 | 1 . . . Swarmer 4 | . . . 4 Grunt 5 | . 4 1 . Subdweller 2 | . . . 2 Best Kill Streak 4 | 2 2 1 4 Combat Bots Only 4 | . 2 1 4 Max Kills in Single Turn 1 | 1 1 1 1 Gunslinging . | . . . . Exploded . | . . . . Melee . | . . . . Uniques/NPCs Destroyed . | . . . . Combat | -11 -10 -10 -10 -------- Run | Yrd Mat Min Sub Hostile Shots Fired 100 | . 23 12 65 Missed 34 | . 9 2 23 Hits 66 | . 14 10 42 Projectile 66 | . 14 10 42 Critical Strikes 2 | . 1 . 1 Damage Taken 835 | . 188 122 525 Core 251 | . 63 31 157 Absorbed by Shields . | . . . . Core Remaining (%) 100 | 100 . . . Volleys Fired 74 | 17 35 6 16 Largest 2 | 1 2 2 2 Hottest 50 | 20 40 40 50 Shots Fired 113 | 17 55 12 29 Gun 97 | 17 55 12 13 Cannon 16 | . . . 16 Launcher . | . . . . Special . | . . . . Kinetic 113 | 17 55 12 29 Thermal . | . . . . Explosive . | . . . . Electromagnetic . | . . . . Robot Hit Streak 10 | 8 7 3 10 Robot Miss Streak 2 | 2 2 1 2 Penetration Max . | . . . . Secondary Targets . | . . . . Shots Hit Robots 79 | 12 38 8 21 Core Hits 31 | 6 15 2 8 Critical Kills 1 | 1 . . . Critical Parts Destroyed . | . . . . Critical Strikes 2 | 1 . . 1 Destroy 1 | 1 . . . Blast 1 | . . . 1 Melee Attacks . | . . . . Impact . | . . . . Slashing . | . . . . Piercing . | . . . . Sneak Attacks . | . . . . Combat Hostiles . | . . . . Follow-up Attacks . | . . . . Damage Inflicted 904 | 108 393 86 317 Guns 687 | 108 393 86 100 Cannons 217 | . . . 217 Explosions . | . . . . Melee . | . . . . Ramming . | . . . . Kinetic 904 | 108 393 86 317 Thermal . | . . . . Explosive . | . . . . Electromagnetic . | . . . . Impact . | . . . . Slashing . | . . . . Piercing . | . . . . Highest Corruption . | . . . . Average Corruption . | . . . . Corruption Purged . | . . . . Corruption Blocked . | . . . . Overload Shots . | . . . . Overflow Damage . | . . . . Projectiles . | . . . . Explosions . | . . . . Melee . | . . . . Knockbacks 1 | . . . 1 Impact . | . . . . Kinetic 1 | . . . 1 Secondary . | . . . . Self-Inflicted Damage . | . . . . Shots . | . . . . Rammed . | . . . . Targets Rammed . | . . . . Kicked . | . . . . Crushed . | . . . . Highest Temperature 27 | . 27 25 . Average Temperature 10 | . 9 12 . Received Heat Transfer 399 | . 123 72 204 Siege Activations . | . . . . Martial Activations . | . . . . Shielding Activations . | . . . . Robots Disrupted . | . . . . Combat Hostiles . | . . . . Robots Corrupted . | . . . . Combat Hostiles . | . . . . Parts Fried . | . . . . Impact Corruptions . | . . . . Robots Melted . | . . . . Combat Hostiles . | . . . . Parts Melted . | . . . . Heat Transferred . | . . . . Parts Sabotaged . | . . . . Parts Stolen . | . . . . Parts Stripped . | . . . . Power Chain Reactions . | . . . . Alert | -11 -10 -10 -10 ------- Run | Yrd Mat Min Sub Maximum Alert Level . | . . . . Low Security (%) 100 | 100 100 100 . Level 1 . | . . . . Level 2 . | . . . . Level 3 . | . . . . Level 4 . | . . . . Level 5 . | . . . . High Security . | . . . . Max Security . | . . . . Peak Influence 70 | 10 70 37 . Initial 27 | . . 27 . Average 11 | 1 17 10 . Influence Increases 280 | 15 105 20 140 Destroy 0b10 Robot/C 180 | . 80 20 80 Destroy 0b10 Robot/NC 20 | 15 5 . . Destroy Leader 20 | . 20 . . Lose Combat Pursuer 60 | . . . 60 Influence Decreases 170 | 15 35 90 30 Entered New Map 43 | . . 43 . Time Decay 107 | 15 35 37 20 Lost Part 20 | . . 10 10 Squads Dispatched . | . . . . Investigation . | . . . . Extermination . | . . . . Reinforcement . | . . . . Assault . | . . . . Garrison . | . . . . Intercept . | . . . . Searches Triggered . | . . . . Construction Impeded . | . . . . Haulers Reinforced . | . . . . Active Scanning Responses . | . . . . Cargo Convoy Interrupts . | . . . . Stealth | -11 -10 -10 -10 --------- Run | Yrd Mat Min Sub Distress Signals 2 | . 2 . . Communications Jammed . | . . . . Distress Signals . | . . . . Times Spotted 19 | . 7 3 9 Peak Tracking Total 4 | . 4 2 4 Tactical Retreats 2 | . . . 2 Traps | -11 -10 -10 -10 ------- Run | Yrd Mat Min Sub Traps Triggered . | . . . . Indirectly . | . . . . Trap Hack Attempts . | . . . . Triggered . | . . . . Disarmed . | . . . . Reprogrammed . | . . . . Reused . | . . . . Traps Extracted . | . . . . Installed . | . . . . Triggered . | . . . . Machines | -11 -10 -10 -10 ---------- Run | Yrd Mat Min Sub Machines Disabled . | . . . . Max in Single Turn . | . . . . Machines Repaired . | . . . . Machines Dismantled . | . . . . Machines Sabotaged . | . . . . Overloaded Fab Kills . | . . . . Hacking | -11 -10 -10 -10 --------- Run | Yrd Mat Min Sub Machines Accessed 4 | . 2 . 2 Terminals 2 | . 2 . . Fabricators . | . . . . Repair Stations . | . . . . Recycling Units . | . . . . Scanalyzers . | . . . . Garrison Access . | . . . . Total Hacks 11 | . 9 . 2 Successful 3 | . 1 . 2 Failed 8 | . 8 . . Catastrophic 2 | . 2 . . Database Lockouts . | . . . . Manual 8 | . 8 . . Terminals 9 | . 9 . . Fabricators . | . . . . Repair Stations . | . . . . Recycling Units . | . . . . Scanalyzers . | . . . . Garrison Access . | . . . . Terminal Hacks 3 | . 1 . 2 Robot Analysis 1 | . 1 . . Open Door 1 | . . . 1 Release Object 1 | . . . 1 Fabricator Hacks . | . . . . Repair Station Hacks . | . . . . Recycling Unit Hacks . | . . . . Scanalyzer . | . . . . Garrison Access Hacks . | . . . . Unauthorized Hacks . | . . . . Terminals . | . . . . Fabricators . | . . . . Repair Stations . | . . . . Recycling Units . | . . . . Scanalyzers . | . . . . Garrison Access . | . . . . Data Cores Recovered . | . . . . Used . | . . . . Hacking Detections 2 | . 2 . . Full Trace Events 1 | . 1 . . Feedback Events . | . . . . Feedback Blocked . | . . . . Robot Schematics Acquired . | . . . . Robots Built . | . . . . Authchips . | . . . . Time . | . . . . Total Robot Build Rating . | . . . . Part Schematics Acquired . | . . . . Parts Built . | . . . . Authchips . | . . . . Time . | . . . . Total Part Build Rating . | . . . . Parts Repaired . | . . . . Time . | . . . . Parts Recycled . | . . . . Recycled Matter . | . . . . Retrieved Matter . | . . . . Retrieved Components . | . . . . Parts Scanalyzed . | . . . . Part Schematics Acquired . | . . . . Parts Damaged . | . . . . Bothacking | -11 -10 -10 -10 ------------ Run | Yrd Mat Min Sub Used RIF Installer . | . . . . Robots Hacked . | . . . . Non-combat . | . . . . Combat . | . . . . Robot Hacks Applied . | . . . . Relay Couplers Released . | . . . . Fabnet Peak Effective % . | . . . . Robots Rewired . | . . . . Allies Hacked . | . . . . Hacks Repelled . | . . . . Allies | -11 -10 -10 -10 -------- Run | Yrd Mat Min Sub Total Allies . | . . . . Largest Group . | . . . . Highest-Rated Group . | . . . . Highest-Rated Ally . | . . . . Total Orders . | . . . . Ally Attacks . | . . . . Total Damage . | . . . . Kills . | . . . . Allies Corrupted . | . . . . Allies Melted . | . . . . Intel | -11 -10 -10 -10 ------- Run | Yrd Mat Min Sub Active Infowar (turns) 618 | 49 198 135 236 Seismic 416 | 49 198 135 34 Machine Analysis 202 | . . . 202 Robot Analysis Total 1 | . 1 . . Derelict Logs Recovered . | . . . . Drone Launches . | . . . . Drone Recoveries . | . . . . Exploration | -11 -10 -10 -10 ------------- Run | Yrd Mat Min Sub Turns Passed 692 | 113 198 135 246 Spaces Moved 377 | 68 96 65 148 Core 7 | 7 . . . Treads 8 | . . 6 2 Legs . | . . . . Wheels 362 | 61 96 59 146 Hover . | . . . . Flight . | . . . . Fastest Speed 50 | 50 80 110 110 Average Speed 107 | 79 92 122 122 Slowest Speed 240 | 100 95 240 240 Overloaded Moves . | . . . . Propulsion Burnouts . | . . . . Robots Hopped . | . . . . Potential Cave-ins . | . . . . Cave-ins Triggered . | . . . . Exploration Rate (%) 17 | 4 24 28 13 Regions Visited 3 Branch Regions 2 Pre-discovered Areas . | . . . . Known Exits Taken . | . . . . Unknown Exits Taken 3 | 1 1 1 . Scrap Searched 1 | . . 1 . Spaces Dug . | . . . . Terrain Destroyed . | . . . . Melee . | . . . . Projectile . | . . . . AOE . | . . . . Terrain Rammed . | . . . . Walls Destroyed . | . . . . Machines Disabled . | . . . . Actions | -11 -10 -10 -10 --------- Run | Yrd Mat Min Sub Total 562 | 110 156 110 186 Wait 73 | 12 17 37 7 Move 374 | 67 95 64 148 Hop . | . . . . Pick Up 19 | 8 6 2 3 Fast Attach 7 | 5 . . 2 Attach 5 | 1 1 1 2 Detach . | . . . . Swap 4 | . 1 . 3 Drop 6 | . 1 . 5 Fire 74 | 17 35 6 16 Melee . | . . . . Ram . | . . . . Kick . | . . . . Crush . | . . . . Escape Stasis . | . . . . Rewire . | . . . . Trap . | . . . . Miscellaneous . | . . . . Route ------- -11/Scrapyard -10/Materials -10/Mines -10/Subcaves (discovered 1 exit: [*Rec]) History --------- Turn | Location | Event 14 | -11/Scrapyard | Discovered new exit (range 15) 114 | -11/Scrapyard | Entered Materials 281 | -10/Materials | Discovered new exit (range 8) 307 | -10/Materials | Build established: Mutant 312 | -10/Materials | Entered Mines 313 | -10/Mines | Assembled infested the area 318 | -10/Mines | Assisted by a Guerilla fighting off Assembled 444 | -10/Mines | Discovered new exit (range 5) 447 | -10/Mines | Entered Subcaves 448 | -10/Subcaves | Approached by a straggling Scientist 451 | -10/Subcaves | Ambushed by Subdwellers from Twisted Machinery 465 | -10/Subcaves | Core integrity fell below 50% 512 | -10/Subcaves | Lost 3 parts (1n1u1w) 597 | -10/Subcaves | Found SUBCON Basin 661 | -10/Subcaves | Core integrity fell below 20% 683 | -10/Subcaves | Discovered new exit (range 10) 693 | -10/Subcaves | Destroyed by Autobeam Turret with Autobeam Last Messages --------------- Accessing inventory controls... Collection purity confirmed 100%... Ejecting SUBCON Basin... Delivery behind schedule, handle with care! 00591_ Dropped Mining Laser. 00593_ Dropped Lgt. Ion Engine. 00595_ Dropped Lgt. Treads. 00596_ Dropped Lrg. Storage Unit. 00597_ Acquired SUBCON Basin. 00652_ S-10 Pest springs to life. 00654_ S-10 Pest destroyed. 00680_ S-10 Pest suffers critical hit (Blast). 00680_ Destroyed Flight Unit. 00680_ S-10 Pest destroyed. 00681_ Flight Unit fries itself beyond repair. 00683_ Acquired 14 matter. 00683_ EXIT=FOUND 00685_ Acquired 8 matter. 00686_ Acquired 7 matter. 00689_ Wheel destroyed. Map ----- +----------------------------------------------------+ | ?????????????????????????????????????????????????? | | ?????????????????????????????????????????????????? | | ?????????????????????????????????????????????????? | | ?????????????????????????????????????????????????? | | ?????????????????????????????????????????????????? | | ?????????????????????????????????????????????????? | | ??????????????????????????????????????????????###? | | ??????????????????????????????????????????????# # | | "????????????####????####?????????????????????# | | " ######### ##??## #???????????????###???# | | "" #?## #??#####????????## ##??# | | ???# ### #### ######???# #??## | | ???##"" # # # ## ## #??## ##??### | | ????#"" ?# ### #??# #???## | | #???##" ??# ### #??## #??## | | #????#"#??# ## ### #### #### | | #????# #### ##### ##?## ## ## | | ##???# ?# #??# #???# ## ## | | ##??# #?## #??# ???##### ## ## | | #### ### ##?# #??????# ### ### | | #! #??# ########### #?# #?? | | % #?? ##??#""" "## ### ##?? | | #&# ### # #? #???#" ## ##??? | | %######?####### #???#" # ##???? | | ##????????????#####??##""t [ #????? | | ?????????????????????#< @ [ ??? | | ?????????????????????##""t % ???? | | ??????????????????????#" %##### ???? | | ??????????????????????#"% #???# ##??? | | ??????????????????????#""" "#??? ### ######???? | | ??????????????????????########??? #?# #????????? | | ????????????????????????????????? #?? ???????? | | ????????????????????????????????? ???? ??????? | | ?????????????????????????????????? ????? ??????? | | ?????????????????????????????????????????????????? | | ?????????????????????????????????????????????????? | | ?????????????????????????????????????????????????? | | ?????????????????????????????????????????????????? | | ?????????????????????????????????????????????????? | | ?????????????????????????????????????????????????? | | ?????????????????????????????????????????????????? | | ?????????????????????????????????????????????????? | | ?????????????????????????????????????????????????? | | ?????????????????????????????????????????????????? | | ?????????????????????????????????????????????????? | | ?????????????????????????????????????????????????? | | ?????????????????????????????????????????????????? | | ?????????????????????????????????????????????????? | | ?????????????????????????????????????????????????? | | ?????????????????????????????????????????????????? | +----------------------------------------------------+ Best States ------------- Heat Dissipation 25 Energy Generation 10 Energy Capacity 250 Matter Stores 300 Matter Capacity 300 Sight Range 16 Terrain Scan Density 10 Evasion (%) 44 Recoil Reduction 1 Item Schematics ----------------- None Robot Schematics ------------------ None Fabricated ------------ Nothing Repaired ---------- Nothing Alien Tech Used ----------------- None Achievements -------------- None Challenges ------------ None Game ------ Seed ExplosiveEtherialShovel Manual? 1 Play Time 00:10:05 Cumulative 773.4 hours Start 2025.08.09 @ 00:52:25 End 2025.08.09 @ 01:00:12 Sessions 1 Manual Loads 0 Difficulty Rogue Special Mode None Game No. 298 Rogue 294 Adventurer 4 Explorer 0 Win Type - Total 12 Types 7/1/1/1/0/1/0/0/0/1 Lore% 94 Gallery% 89 Achievement% 87 Wizard Run 0 Options --------- Layout 0 ASCII 0 Keyboard 0 Movement Numpad Keybinds 0 Fullscreen 2 Font 18/CogNarrow Map View 76x50 Zoom Use 0% Tactical HUD 1 Map Filters NONE Filters NONE Steam 1 RUN: 2602a6d1-eaec-40de-97fa-43a638ece785